 Dungeon Crawl Stone Soup version 0.31.0-11-ge490571c62 (webtiles) character file.

Game seed: 15274101232953281784

269834 DoNotCum the Unseen (level 20, -1/183 HPs)
             Began as a Naga Conjurer on Feb 3, 2024.
             Was the Champion of Vehumet.
             Shot with an arrow by a centaur warrior (14 damage)
             ... on level 1 of the Vaults on Feb 6, 2024.
             The game lasted 03:22:02 (41873 turns).

DoNotCum the Unseen (Naga Conjurer)                Turns: 41873, Time: 03:22:03

Health: -1/183     AC: 20    Str: 10    XL:     20   Next: 19%
Magic:  33/43      EV:  9    Int: 31    God:    Vehumet [******]
Gold:   5251       SH:  0    Dex: 11    Spells: 12/57 levels left

rFire   + + +        m - staff "Cemev" {rElec rF+++ Dex-5 Stlth- Conj Air}
rCold   + + +        (no shield)
rNeg    + . .        d - +3 leather armour {rF+}
rPois   +            N - +1 helmet
rElec   +            O - +0 cloak
rCorr   .            (no gloves)
SInv    +            t - +2 barding of Generosity {SInv}
Will    ++...        j - amulet of magic regeneration
Stlth   ++++++       F - ring of the Sun {rF+ rN+ Int+4 Dex+6}
HPRegen 0.50/turn    H - ring of Daugy {^Contam Fly rC+++ EV+5}
MPRegen 0.68/turn

%: no passive effects
@: lethally poisoned (-1 -> -5), flying, slowed, constricted, studying 2 skills,
invisible, very slow
A: AC +6, large, see invisible, deformed body, poison resistance, slowness 2,
spit poison 1, naga tail 2
}: 2/15 runes: barnacled, gossamer
a: Spit Poison, Renounce Religion


You were on level 1 of the Vaults.
You worshipped Vehumet.
Vehumet was exalted by your worship.
You visited 8 branches of the dungeon, and saw 34 of its levels.
You also visited: Bailey.

You collected 7189 gold pieces.
You spent 1938 gold pieces at shops.

Inventory:

Missiles
 w - 6 throwing nets
Armour
 d - a +3 leather armour of fire resistance (worn)
 t - the +2 barding of Generosity (worn) {SInv}
   (You acquired it on level 3 of the Lair of Beasts)

   SInv:      It lets you see invisible.
 N - a +1 helmet (worn)
 O - a +0 cloak (worn)
Magical Staves
 m - the staff "Cemev" (weapon) {rElec rF+++ Dex-5 Stlth- Conj Air}
   (You took it off a centaur warrior on level 14 of the Dungeon)

   [staff of air]

   Base accuracy: +5 Base damage: 5 Base attack delay: 1.2 This weapon's minimum
   attack delay (0.6) is reached at skill level 12.
   Dex-5:     It affects your dexterity (-5).
   rF+++:     It renders you almost immune to fire.
   rElec:     It insulates you from electricity.
   Stlth-:    It makes you less stealthy.
   Conj:      It increases the power of your Conjurations spells.
   Air:       It increases the power of your Air spells.
   It falls into the 'Staves' category.
   It is a one-handed weapon.
Jewellery
 j - an amulet of magic regeneration (around neck)
 k - a ring of resist corrosion
 n - a ring of positive energy
 v - a ring of ice
 F - the ring of the Sun (left hand) {rF+ rN+ Int+4 Dex+6}
   (You bought it in a shop on level 2 of the Orcish Mines)

   [ring of positive energy]

   Int+4:     It affects your intelligence (+4).
   Dex+6:     It affects your dexterity (+6).
   rF+:       It protects you from fire.
   rN+:       It protects you from negative energy.
 H - the ring of Daugy (right hand) {^Contam Fly rC+++ EV+5}
   (You bought it in a shop on level 2 of the Orcish Mines)

   [ring of evasion]

   EV+5:      It affects your evasion (+5).
   rC+++:     It renders you almost immune to cold.
   Fly:       It grants you flight.
   ^Contam:   It causes magical contamination when unequipped.
 W - a ring of fire
Wands
 a - a wand of iceblast (37)
 J - a wand of digging (12)
 K - a wand of acid (10)
Scrolls
 f - a scroll of acquirement
 g - 2 scrolls of fear
 h - 3 scrolls of revelation
 i - 5 scrolls of torment
 o - 8 scrolls of identify
 p - a scroll of blinking
 y - a scroll of vulnerability
 z - 8 scrolls of amnesia
 A - 4 scrolls of fog
 D - 2 scrolls of noise
 G - 9 scrolls of teleportation
 I - 3 scrolls of silence
 L - 4 scrolls of poison
 U - 3 scrolls of immolation
 V - 2 scrolls of butterflies
Potions
 b - a potion of magic
 c - a potion of cancellation
 e - 4 potions of haste
 l - 2 potions of heal wounds
 q - 9 potions of mutation
 r - 4 potions of lignification
 s - 5 potions of enlightenment
 u - 6 potions of brilliance
 x - 10 potions of curing
 E - 2 potions of resistance
 Z - 7 potions of ambrosia
Miscellaneous
 C - a lightning rod (4/4)
 R - a phantom mirror (inert)
 S - a box of beasts (inert)
 Y - a phial of floods


   Skills:
 - Level 12.0 Fighting
 - Level 1.5 Dodging
 - Level 20.0 Stealth
 + Level 19.0 Spellcasting
 - Level 16.1 Conjurations
 + Level 10.9 Hexes
 - Level 5.0 Necromancy
 - Level 6.0 Translocations
 + Level 10.2 Air Magic
 - Level 15.0 Alchemy


You had 12 spell levels left.
You knew the following spells:

 Your Spells              Type           Power      Damage    Failure   Level
a - Iskenderun's Mystic   Conj/Tloc      99%        2d19      1%          4
b - Arcjolt               Conj/Air       64%        1d74      1%          5
c - Fulminant Prism       Conj/Alch      56%        3d24      1%          4
d - Iskenderun's Battles  Conj           100%       2d15      1%          5
e - Yara's Violent Unrav  Hex/Alch       41%        3d16      1%          5
f - Orb of Destruction    Conj           57%        9d14      1%          7
g - Passwall              Erth           29%        N/A       5%          3
h - Maxwell's Capacitive  Air            48%        ∞         38%         8
p - Searing Ray           Conj           100%       2d8       0%          2
W - Sublimation of Blood  Necr           57%        N/A       1%          2

Your spell library contained the following spells:

 Spells                   Type           Power      Damage    Failure   Level
 Fire Storm               Conj/Fire      44%        8d11      100%        9
 Polar Vortex             Ice            14%        12d1*     100%        9
 Shatter                  Erth           14%        3d14*     100%        9
 Magic Dart               Conj           100%       1d8       0%          1
 Sting                    Conj/Alch      100%       1d9       0%          1
 Mercury Vapours          Alch/Air       100%       N/A       0%          2
 Mephitic Cloud           Conj/Alch/Air  100%       N/A       0%          3
 Sandblast                Erth           58%        2d13      1%          1
 Slow                     Hex            100%       N/A       1%          1
 Ensorcelled Hibernation  Hex/Ice        100%       N/A       1%          2
 Confusing Touch          Hex            78%        N/A       1%          3
 Frozen Ramparts          Ice            58%        1d9       1%          3
 Fugue of the Fallen      Necr           57%        N/A       1%          3
 Sigil of Binding         Hex            78%        N/A       1%          3
 Stone Arrow              Conj/Erth      100%       3d13      1%          3
 Tukima's Dance           Hex            78%        N/A       1%          3
 Vampiric Draining        Necr           57%        2d10      1%          3
 Anguish                  Hex/Necr       34%        N/A       1%          4
 Brom's Barrelling Bould  Conj/Erth      88%        2d10      1%          4
 Dimensional Bullseye     Hex/Tloc       35%        N/A       1%          4
 Leda's Liquefaction      Alch/Erth      33%        N/A       1%          4
 Manifold Assault         Tloc           61%        N/A       1%          4
 Olgreb's Toxic Radiance  Alch           89%        N/A       1%          4
 Petrify                  Alch/Erth      66%        N/A       1%          4
 Fireball                 Conj/Fire      44%        3d18      1%          5
 Freezing Cloud           Conj/Ice/Air   56%        6-21      1%          5
 Irradiate                Conj/Alch      56%        3d30      1%          5
 Conjure Ball Lightning   Conj/Air       64%        3x3d23    1%          6
 Animate Dead             Necr           57%        N/A       2%          4
 Summon Lightning Spire   Summ/Air       75%        N/A       2%          4
 Bombard                  Conj/Erth      44%        9d7       2%          6
 Ozocubu's Armour         Ice            29%        N/A       5%          3
 Metabolic Englaciation   Hex/Ice        29%        N/A       5%          5
 Lee's Rapid Deconstruct  Erth           14%        3d9*      13%         5
 Animate Armour           Summ/Erth      58%        N/A       17%         4
 Borgnjor's Vile Clutch   Necr/Erth      22%        N/A       17%         5
 Enfeeble                 Hex            39%        N/A       17%         7
 Dispersal                Tloc           30%        N/A       22%         6
 Death Channel            Necr           28%        N/A       34%         6
 Lehudib's Crystal Spear  Conj/Erth      44%        10d11     67%         8
 Discord                  Hex            39%        N/A       78%         8
 Chain Lightning          Conj/Air       64%        3d86      86%         9
 Monstrous Menagerie      Summ           14%        N/A       100%        7
 Summon Hydra             Summ           14%        N/A       100%        7
 Disjunction              Tloc           30%        N/A       100%        8


Dungeon Overview and Level Annotations

Branches:
Dungeon (15/15)            Temple (1/1) D:7            Lair (5/5) D:8
 Shoals (4/4) Lair:3       Spider (4/4) Lair:3        Slime (0/5) Lair:4
    Orc (2/2) D:9             Elf (2/3) Orc:2        Vaults (1/5) D:13
 Depths (0/4) D:15         Bailey (visited)

Altars:
Ashenzari
Cheibriados
Dithmenos
Elyvilon
Fedhas
Gozag
Hepliaklqana
Kikubaaqudgha
Makhleb
Nemelex Xobeh
Qazlal
Ru
Sif Muna
Trog
Uskayaw
Vehumet
Wu Jian
Xom
Yredelemnul
Zin
The Shining One
Jiyva

Shops:
D:2 ?   Orc:2 :?=(   Elf:1 [   Shoals:4 :[*[*

Annotations:
D:3 1 runed translucent door, Crazy Yiuf, Ijyb
D:13 3 runed translucent doors
Lair:4 2 transporters, Xyudeake's ghost, journeyman DEFE
Elf:1 2 runed translucent doors, bakla's ghost, adept FoAl


Innate Abilities, Weirdness & Mutations

Your serpentine skin is tough. (AC +6)
You have supernaturally acute eyesight. (SInv)
Armour fits poorly on your strangely shaped body.
Your system is resistant to poisons. (rPois)
You cover ground very slowly.
You can spit poison.
You can use your snake-like lower body to constrict enemies.


Message History

The formless jellyfish is lightly wounded.
You hear a shout!
The centaur warrior shoots an arrow.
The arrow hits you!
* * * LOW HITPOINT WARNING * * *
The formless jellyfish stings you.
* * * LOW HITPOINT WARNING * * *
You suddenly lose the ability to move!
The formless jellyfish constricts you.
* * * LOW HITPOINT WARNING * * *
The centaur warrior shoots an arrow.
The arrow hits you.
* * * LOW HITPOINT WARNING * * *
You can move again.
You feel much better.
The centaur warrior shoots an arrow.
The arrow closely misses you.
The formless jellyfish closely misses you.
The formless jellyfish constricts you.
* * * LOW HITPOINT WARNING * * *
The centaur warrior shoots an arrow.
The arrow barely misses you. The formless jellyfish stings you!
* * * LOW HITPOINT WARNING * * *
You shrug off the repeated paralysis!
You are poisoned.
The formless jellyfish poisons you! The formless jellyfish constricts you.
Okay, then.
Okay, then.
Okay, then.
You fade into invisibility!
You feel very sick.
The centaur warrior shoots an arrow.
The arrow completely misses you.
The centaur warrior shoots an arrow.
The arrow hits you!
* * * LOW HITPOINT WARNING * * *
A vault guard comes into view. It is wielding a +0 long sword.
The formless jellyfish barely misses you.
The formless jellyfish constricts you.
As you read the scroll of fog, it dissolves into smoke.
You feel very sick.
The formless jellyfish barely misses you.
The formless jellyfish constricts you.
* * * LOW HITPOINT WARNING * * *
The centaur warrior shoots an arrow.
The arrow hits you!
You die...

########
#......#
#.§....#
#.§§§..#
#.§@J§.#
#.§§§..#
#§).§§.#
...####†########
......pc........
....*.........c.
......).......c.
...........c....
................


You could see a formless jellyfish (unable to see you), a vault warden and a
centaur warrior (unable to see you).

Vanquished Creatures
  Nikola (Spider:1)
  Arachne (Spider:4)
  A sphinx (Vaults:1)
  Agnes (Elf:1)
  Donald (Orc:2)
  4 emperor scorpions
  6 ghost moths
  A deep elf elementalist (Elf:1)
  A broodmother (Spider:1)
  3 spark wasps
  Azrael (Spider:2)
  A war gargoyle (Vaults:1)
  A deep elf annihilator (Elf:1)
  5 merfolk impalers
  Snorg (Lair:3)
  4 merfolk javelineers
  A fire dragon (D:14)
  5 entropy weavers
  Fannar (Lair:2)
  11 hydras
  8 vault guards (D:13)
  A peacekeeper (Vaults:1)
  5 ogre magi
  2 merfolk avatars (Shoals:1)
  Erica (Lair:2)
  9 centaur warriors
  3 alligator snapping turtles
  4 catoblepae
  5 merfolk aquamancers
  An ironbound frostheart (Vaults:1)
  3 satyrs (Shoals:4)
  6 radroaches
  18 two-headed ogres
  A death knight (D:13)
  7 boulder beetles
  23 dancing weapons
  3 death yaks (Lair:5)
  A tengu warrior (D:15)
  5 demonic crawlers
  6 sun demons (Shoals:4)
  6 skysharks
  18 deep elf knights
  5 sea snakes
  7 pharaoh ants
  A mana viper (shapeshifter) (D:15)
  15 orb spiders
  8 deep elf archers
  8 sun moths
  2 arcanists
  A glowing orange brain (D:15)
  A flayed ghost (D:14)
  5 steelbarb worms
  26 deep elf pyromancers
  2 harpies (Shoals:4)
  29 ugly things
  2 oklob plants
  A salamander (shapeshifter) (D:15)
  15 deep elf zephyrmancers
  31 wolf spiders
  24 fauns
  9 manticores
  12 meliai
  9 cyclopes
  2 kobold blastminers (Orc:2)
  11 elephants
  Maurice (D:11)
  2 moths of wrath
  5 black mambas
  3 merfolk sirens
  4 water nymphs
  A molten gargoyle (D:14)
  A gargoyle (D:12)
  11 torpor snails
  3 unseen horrors
  Maggie (D:10)
  11 cane toads
  5 rime drakes
  6 tengu conjurers
  10 komodo dragons
  An efreet (D:13)
  A kobold demonologist (D:14)
  2 freezing wraiths (D:14)
  17 merfolk
  A polar bear (Lair:4)
  3 wind drakes
  7 trolls
  33 tarantellas
  6 hornets
  4 snapping turtles
  A raiju (shapeshifter) (D:13)
  12 blink frogs
  14 dream sheep
  6 slime creatures
  28 jumping spiders
  Sigmund (D:5)
  6 water elementals
  2 wraiths
  2 air elementals
  23 culicivoras
  Eustachio (D:5)
  A vampire (D:11)
  64 yaks
  15 wyverns
  4 basilisks
  A warg (Orc:2)
  5 steam dragons
  2 fire elementals (Elf:2)
  20 vampire mosquitoes
  44 redbacks
  Menkaure (D:5)
  Edmund (D:6)
  An acid dragon (shapeshifter) (Elf:2)
  4 hell hounds (Spider:2)
  Duvessa (D:5)
  19 water moccasins
  13 orc warriors
  A sky beast (D:8)
  3 black bears
  3 laughing skulls (D:14)
  24 ogres
  14 wolves
  14 centaurs
  A centaur (shapeshifter) (D:14)
  6 kobold brigands (Bailey)
  A phantom (D:5)
  13 bullfrogs
  2 scorpions (D:6)
  A gnoll sergeant (D:11)
  4 wights (D:10)
  Dowan (D:5)
  5 killer bees (D:8)
  3 electric eels
  3 howler monkeys
  2 bombardier beetles
  3 hounds (D:5)
  A jelly (D:6)
  15 orc priests
  A sleepcap (D:6)
  2 iguanas
  Terence (D:3)
  11 orc wizards
  9 gnolls
  A river rat (D:5)
  7 adders
  A shadow imp (D:5)
  2 ufetubi (D:5)
  A ribbon worm (D:4)
  A dart slug (D:4)
  55 orcs
  3 endoplasms
  2 giant cockroaches
  14 goblins
  8 hobgoblins
  2 quokkas (D:2)
  9 ball pythons
  4 bats
  2 frilled lizards
  16 kobolds
  6 rats
  2 fulminant prisms
1124 creatures vanquished.

Vanquished Creatures (collateral kills)
  A faun (Shoals:4)
1 creature vanquished.

Vanquished Creatures (others)
  An ugly thing (D:15)
  791 fulminant prisms
792 creatures vanquished.

Grand Total: 1917 creatures vanquished

Notes
Turn   | Place    | Note
-------+----------+-------------------------------------------
     0 | D:1      | DoNotCum the Naga Conjurer began the quest for the Orb.
     0 | D:1      | Reached XP level 1. HP: 15/15 MP: 3/3
   603 | D:1      | Reached XP level 2. HP: 22/22 MP: 1/5
   744 | D:1      | You fall into a shaft and drop 1 floor!
   914 | D:2      | Found Waoxeck's Magic Scroll Shoppe.
  1053 | D:2      | Found a faded altar of an unknown god.
  1246 | D:1      | Learned a level 2 spell: Searing Ray
  1383 | D:1      | Reached XP level 3. HP: 28/28 MP: 4/6
  2433 | D:3      | Noticed Ijyb
  2620 | D:3      | Noticed an ogre
  2789 | D:3      | Found a runed translucent door.
  2790 | D:3      | Noticed Crazy Yiuf
  2866 | D:3      | Found an ancient bone altar of Kikubaaqudgha.
  2871 | D:3      | Noticed Terence
  2895 | D:3      | Identified the +4 ring mail of Lucidity {rPois rC- rCorr}
  2911 | D:3      | Killed Terence
  2912 | D:3      | Reached XP level 4. HP: 19/36 MP: 3/8
  3096 | D:4      | Noticed an ogre
  3245 | D:4      | Reached skill level 5 in Conjurations
  3437 | D:4      | Reached XP level 5. HP: 42/42 MP: 8/10
  3785 | D:5      | Entered Level 5 of the Dungeon
  3792 | D:5      | Reached skill level 5 in Spellcasting
  3792 | D:5      | Reached XP level 6. HP: 49/49 MP: 7/13
  3816 | D:4      | Learned a level 4 spell: Iskenderun's Mystic Blast
  3877 | D:5      | Noticed Eustachio
  3890 | D:5      | Killed Eustachio
  4069 | D:5      | Reached XP level 7. HP: 49/55 MP: 10/15
  4124 | D:5      | Noticed Sigmund
  4133 | D:5      | Killed Sigmund
  4318 | D:5      | Found a bloodstained altar of Trog.
  4790 | D:5      | Reached skill level 5 in Translocations
  4892 | D:5      | Noticed Menkaure
  4971 | D:5      | Killed Menkaure
  4972 | D:5      | Reached XP level 8. HP: 21/62 MP: 13/17
  4973 | D:5      | Noticed Dowan
  4978 | D:5      | Killed Dowan
  5089 | D:4      | Identified 2 scrolls of acquirement
  5089 | D:4      | Acquired 1316 gold pieces
  5308 | D:5      | Found a shimmering blue altar of Sif Muna.
  5773 | D:5      | Noticed Duvessa
  5785 | D:5      | Killed Duvessa
  6531 | D:6      | Found a shimmering altar of Xom.
  6653 | D:6      | Identified the amulet "Vahiuluc" {Acrobat rCorr}
  7045 | D:6      | Noticed Edmund
  7058 | D:6      | Killed Edmund
  7059 | D:6      | Reached XP level 9. HP: 68/68 MP: 7/20
  7121 | D:6      | Learned a level 4 spell: Fulminant Prism
  7134 | D:7      | Reached skill level 1 in Alchemy
  7159 | D:7      | Noticed a two-headed ogre
  7168 | D:7      | Killed a two-headed ogre
  7251 | D:7      | Found a staircase to the Ecumenical Temple.
  7348 | D:7      | Found a burning altar of Makhleb.
  7348 | D:7      | Noticed an Executioner
  7395 | D:7      | Found a flagged portal.
  7402 | Bailey   | Entered a bailey
  7431 | Bailey   | Reached skill level 5 in Alchemy
  7553 | Bailey   | Reached XP level 10. HP: 74/75 MP: 16/23
  7607 | Bailey   | Found a burning altar of Makhleb.
  7752 | D:7      | Identified the +1 ring mail of the Bells {rC+}
  7755 | Temple   | Entered the Ecumenical Temple
  7760 | Temple   | Became a worshipper of Vehumet
  7804 | D:7      | Found a shadowy altar of Dithmenos.
  7931 | D:7      | Found a stormy altar of Qazlal.
  8585 | D:7      | Learned a level 3 spell: Passwall
  8992 | D:8      | Found a staircase to the Lair.
  9463 | D:9      | Noticed a two-headed ogre
  9471 | D:9      | Killed a two-headed ogre
 10024 | D:9      | Reached * piety under Vehumet
 10024 | D:9      | Offered knowledge of Sting by Vehumet.
 10226 | D:9      | Found a staircase to the Orcish Mines.
 10456 | D:10     | Entered Level 10 of the Dungeon
 10468 | D:10     | Noticed a deep elf pyromancer
 10472 | D:10     | Reached skill level 10 in Spellcasting
 10536 | D:10     | Noticed an arcanist
 10544 | D:10     | Killed an arcanist
 10545 | D:10     | Reached XP level 11. HP: 80/81 MP: 7/25
 10548 | D:10     | Killed a deep elf pyromancer
 10609 | D:10     | Reached ** piety under Vehumet
 10609 | D:10     | Offered knowledge of Scorch by Vehumet.
 10613 | D:10     | Noticed a deep elf pyromancer
 10616 | D:10     | Killed a deep elf pyromancer
 10701 | D:10     | Noticed a deep elf pyromancer
 10706 | D:10     | Killed a deep elf pyromancer
 10737 | D:10     | Reached skill level 10 in Alchemy
 10804 | D:10     | Got the Compilation of Dhcmrlchtdj
 10811 | D:10     | Got Ts'ui Pên's Almanac of Forking Paths
 10868 | D:10     | Found an ornate altar of the Wu Jian Council.
 10891 | D:10     | Noticed Maggie
 10904 | D:10     | Killed Maggie
 10974 | D:10     | Identified the +0 scale mail of the Shining Light {Str+5
                  | SInv}
 11157 | D:10     | Got the Cyclopedia of Sand
 11412 | Orc:1    | Entered Level 1 of the Orcish Mines
 11976 | Orc:2    | Entered Level 2 of the Orcish Mines
 12003 | Orc:2    | Noticed Donald
 12176 | Orc:2    | Killed Donald
 12177 | Orc:2    | Reached skill level 10 in Conjurations
 12769 | Orc:2    | Noticed a two-headed ogre
 12777 | Orc:2    | Killed a two-headed ogre
 12782 | Orc:2    | Reached XP level 12. HP: 88/88 MP: 10/27
 12796 | Orc:2    | Noticed an ogre mage
 12802 | Orc:2    | Killed an ogre mage
 12803 | Orc:2    | Noticed a two-headed ogre
 12815 | Orc:2    | Killed a two-headed ogre
 12951 | Orc:2    | Noticed a two-headed ogre
 12957 | Orc:2    | Killed a two-headed ogre
 12957 | Orc:2    | Offered knowledge of Volatile Blastmotes by Vehumet.
 13056 | Orc:2    | Noticed a two-headed ogre
 13058 | Orc:2    | Noticed an ogre mage
 13067 | Orc:2    | Killed an ogre mage
 13071 | Orc:2    | Noticed a two-headed ogre
 13075 | Orc:2    | Killed a two-headed ogre
 13075 | Orc:2    | Killed a two-headed ogre
 13144 | Orc:2    | Noticed a two-headed ogre
 13144 | Orc:2    | Noticed a two-headed ogre
 13147 | Orc:2    | Noticed a two-headed ogre
 13149 | Orc:2    | Killed a two-headed ogre
 13160 | Orc:2    | Killed a two-headed ogre
 13160 | Orc:2    | Reached *** piety under Vehumet
 13160 | Orc:2    | Killed a two-headed ogre
 13172 | Orc:2    | Noticed a two-headed ogre
 13177 | Orc:2    | Killed a two-headed ogre
 13249 | Orc:2    | Noticed a two-headed ogre
 13254 | Orc:2    | Killed a two-headed ogre
 13278 | Orc:2    | Reached skill level 1 in Necromancy
 13283 | Orc:2    | Noticed an ogre mage
 13290 | Orc:2    | Killed an ogre mage
 13329 | Orc:2    | Noticed a two-headed ogre
 13340 | Orc:2    | Killed a two-headed ogre
 13426 | Orc:2    | Noticed a two-headed ogre
 13432 | Orc:2    | Killed a two-headed ogre
 13441 | Orc:2    | Noticed a two-headed ogre
 13450 | Orc:2    | Noticed an ogre mage
 13452 | Orc:2    | Killed a two-headed ogre
 13452 | Orc:2    | Offered knowledge of Mephitic Cloud by Vehumet.
 13453 | Orc:2    | Reached skill level 5 in Necromancy
 13453 | Orc:2    | Gained mutation: You can use your snake-like lower body to
                  | constrict enemies. [Naga growth]
 13453 | Orc:2    | Reached XP level 13. HP: 94/94 MP: 17/29
 13569 | Orc:2    | Found a staircase to the Elven Halls.
 13686 | Orc:2    | Found Dimuoshu's Book Emporium.
 13686 | Orc:2    | Found Reenaq's Jewellery Shop.
 13744 | Orc:2    | Found Redelot's Magic Scroll Shop.
 13745 | Orc:2    | Found Ynukexty's Weapon Shoppe.
 13785 | Orc:2    | Learned a level 2 spell: Sublimation of Blood
 13785 | Orc:2    | Bought the ring of the Sun {rF+ rN+ Int+4 Dex+6} for 715
                  | gold pieces
 13785 | Orc:2    | Bought the ring of Daugy {^Contam Fly rC+++ EV+5} for 968
                  | gold pieces
 14019 | Lair:1   | Entered Level 1 of the Lair of Beasts
 14376 | Lair:1   | Reached **** piety under Vehumet
 14769 | Lair:2   | Offered knowledge of Inner Flame by Vehumet.
 14947 | Lair:2   | Noticed Fannar
 14955 | Lair:2   | Killed Fannar
 15294 | Lair:2   | Reached ***** piety under Vehumet
 15408 | Lair:2   | Reached XP level 14. HP: 102/102 MP: 19/31
 15494 | Lair:2   | Noticed Erica
 15502 | Lair:2   | Killed Erica
 16236 | Lair:3   | Found a staircase to the Shoals.
 16245 | Lair:3   | Offered knowledge of Plasma Beam by Vehumet.
 16301 | Lair:3   | Noticed Snorg
 16778 | Lair:3   | Learned a level 5 spell: Yara's Violent Unravelling
 16954 | Lair:3   | Killed Snorg
 17111 | Lair:3   | Found a hole to the Spider Nest.
 17901 | Lair:4   | Learned a level 7 spell: Orb of Destruction
 17907 | Lair:4   | Learned a level 5 spell: Iskenderun's Battlesphere
 18051 | Lair:4   | Found a transporter.
 18051 | Lair:4   | Noticed Xyudeake's ghost (journeyman DEFE)
 18122 | Lair:4   | Found a transporter.
 18266 | Lair:4   | Found a viscous altar of Jiyva.
 18267 | Lair:4   | Found a staircase to the Slime Pits.
 18798 | Lair:4   | Reached skill level 15 in Spellcasting
 18968 | Lair:5   | Entered Level 5 of the Lair of Beasts
 18975 | Lair:5   | Reached skill level 1 in Fighting
 19025 | Lair:5   | Reached skill level 15 in Conjurations
 19025 | Lair:5   | Reached skill level 1 in Hexes
 19652 | Lair:5   | Reached XP level 15. HP: 120/120 MP: 27/34
 19860 | Lair:5   | Reached skill level 5 in Fighting
 20380 | Lair:5   | Identified the +1 plate armour of Fedhas's Scorn {Str+5}
 20809 | D:11     | Noticed Maurice
 20905 | D:11     | Killed Maurice
 20905 | D:11     | Reached ****** piety under Vehumet
 21508 | D:12     | Found the +4 robe of Augmentation {Str+4 Int+4 Dex+4}
 21657 | D:12     | Reached skill level 5 in Hexes
 22484 | D:13     | Found a gate to the Vaults.
 22725 | D:13     | Found a runed translucent door.
 23346 | D:13     | Found a runed translucent door.
 23371 | D:13     | Found a runed translucent door.
 23517 | D:14     | Reached XP level 16. HP: 114/144 MP: 23/36
 23712 | D:14     | Reached skill level 15 in Alchemy
 24001 | D:14     | Reached skill level 10 in Fighting
 24114 | D:14     | Identified the staff "Cemev" {rElec rF+++ Dex-5 Stlth- Conj
                  | Air}
 24408 | D:14     | Got the Tome of the Fifty Underlurkers
 24925 | D:15     | Entered Level 15 of the Dungeon
 24935 | D:15     | Offered knowledge of Arcjolt by Vehumet.
 25031 | D:15     | Found a glowing golden altar of the Shining One.
 25520 | D:15     | Learned a level 5 spell: Arcjolt
 25805 | D:15     | Reached skill level 1 in Air Magic
 26083 | D:15     | Found a staircase to the Depths.
 26715 | Elf:1    | Entered Level 1 of the Elven Halls
 26966 | Elf:1    | Reached skill level 4 in Stealth
 27006 | Elf:1    | Found an ancient bone altar of Kikubaaqudgha.
 27016 | Elf:1    | Found a runed translucent door.
 27016 | Elf:1    | Noticed bakla's ghost (adept FoAl)
 27048 | Elf:1    | Reached skill level 5 in Stealth
 27145 | Elf:1    | Found Biozokla's Armour Shop.
 27257 | Elf:1    | Reached skill level 6 in Stealth
 27285 | Elf:1    | Reached XP level 17. HP: 116/157 MP: 18/38
 27287 | Elf:1    | Reached skill level 7 in Stealth
 27469 | Elf:1    | Reached skill level 8 in Stealth
 27624 | Elf:1    | Reached skill level 9 in Stealth
 27670 | Elf:1    | Reached skill level 10 in Stealth
 27912 | Elf:1    | Noticed Agnes
 27915 | Elf:1    | Killed Agnes
 27916 | Elf:1    | Reached skill level 11 in Stealth
 28128 | Elf:1    | Found a runed translucent door.
 28373 | Elf:2    | Reached skill level 12 in Stealth
 28376 | Elf:2    | Identified the ring "Weupteisyi" {MP+9 AC+4 Dex-2 SInv
                  | Stlth+}
 28584 | Elf:2    | Paralysed by an air elemental for 1 turns
 28588 | Elf:2    | Offered knowledge of Freezing Cloud by Vehumet.
 28590 | Elf:2    | Reached skill level 13 in Stealth
 28689 | Elf:2    | Found a runed translucent gate.
 28689 | Elf:2    | Found a runed translucent gate.
 28689 | Elf:2    | Found a runed translucent gate.
 28849 | Elf:2    | Reached skill level 14 in Stealth
 29392 | Elf:2    | Reached skill level 15 in Stealth
 29525 | Elf:2    | Reached skill level 16 in Stealth
 29949 | Elf:2    | Reached skill level 17 in Stealth
 30018 | Elf:2    | Identified the blade talisman of a Labyrinth {Dex+4}
 30087 | Elf:2    | Acquired 1069 gold pieces
 30398 | Shoals:1 | Entered Level 1 of the Shoals
 30546 | Shoals:1 | Reached skill level 18 in Stealth
 30678 | Shoals:1 | Offered knowledge of Starburst by Vehumet.
 31128 | Shoals:1 | Found a runed translucent door.
 31404 | Shoals:1 | Reached XP level 18. HP: 147/166 MP: 32/39
 31931 | Shoals:2 | Reached skill level 19 in Stealth
 32884 | Shoals:3 | Reached skill level 20 in Stealth
 33426 | Shoals:4 | Entered Level 4 of the Shoals
 33426 | Shoals:4 | Found Ruxkua's Book Shoppe.
 33426 | Shoals:4 | Found Veranol's Armour Emporium.
 33756 | Shoals:4 | Got a barnacled rune of Zot
 34105 | Shoals:4 | Found Umicrip's General Store.
 34188 | Shoals:4 | Offered knowledge of Ozocubu's Refrigeration by Vehumet.
 34193 | Shoals:4 | Reached skill level 5 in Air Magic
 34404 | Shoals:4 | Found Seubufan's General Store.
 34850 | Shoals:4 | Got the Elucidation of the Fairies
 35029 | Shoals:4 | Found Hatakid's Antique Armour Shop.
 35145 | Shoals:4 | Bought a glowing helmet for 255 gold pieces
 35242 | Spider:1 | Entered Level 1 of the Spider Nest
 35245 | Lair:3   | Acquired the +2 barding of Generosity {SInv}
 35917 | Spider:1 | Noticed Nikola
 35926 | Spider:1 | Killed Nikola
 36733 | Spider:2 | Reached XP level 19. HP: 112/175 MP: 26/40
 37164 | Spider:2 | Offered knowledge of Spellforged Servitor by Vehumet.
 38006 | Spider:2 | Noticed Azrael
 38014 | Spider:2 | Killed Azrael
 39017 | Spider:3 | Offered knowledge of Maxwell's Capacitive Coupling by
                  | Vehumet.
 39513 | Spider:4 | Entered Level 4 of the Spider Nest
 39783 | Spider:4 | Learned a level 8 spell: Maxwell's Capacitive Coupling
 39790 | Spider:4 | Noticed Arachne
 39799 | Spider:4 | Killed Arachne
 40030 | Spider:4 | Reached skill level 10 in Hexes
 40077 | Spider:4 | Offered knowledge of Fire Storm by Vehumet.
 40077 | Spider:4 | Offered knowledge of Shatter by Vehumet.
 40077 | Spider:4 | Offered knowledge of Polar Vortex by Vehumet.
 40626 | Spider:4 | Reached XP level 20. HP: 172/183 MP: 19/42
 41030 | Spider:4 | Reached skill level 10 in Air Magic
 41315 | Spider:4 | Got a gossamer rune of Zot
 41808 | Vaults:1 | Entered Level 1 of the Vaults
 41870 | Vaults:1 | Paralysed by a formless jellyfish for 1 turns
 41873 | Vaults:1 | Shot with an arrow by a centaur warrior

Illustrated notes

Levels and vault maps discovered:
D:1:      dpeg_arrival_court, layout_basic
D:2:      layout_basic, serial_shops, shop, hellmonk_ecumenical_altar_lost_god,
          amcnicky_mini_pool_small, amcnicky_mini_corridor_feature
D:3:      layout_basic, mainiacjoe_overflow_alcove_1, lemuel_tele_altar,
          uniq_ijyb, uniq_crazy_yiuf_cottage, uniq_terence
D:4:      layout_loops_ring, grunt_ministairs_4, sigmund_army
D:5:      layout_cave_pods, trog_hazing_becter,
          mainiacjoe_overflow_six_doors_small, portal_sewer_entry_e,
          uniq_eustachio, uniq_menkaure, uniq_sigmund, uniq_duvessa
D:6:      layout_basic, nicolae_overflow_crystal_walls, nicolae_sextant,
          uniq_edmund
D:7:      layout_layer_cave, makhleb_altar_promises_db, kennysheep_mini,
          mainiacjoe_overflow_24_doors, temple_doors_e, enter_bailey_3,
          grunt_decor_cap
D:8:      layout_basic, lair_entry_dummy
D:9:      layout_loops_corners, minmay_orc_entry_temple_small,
          nicolae_letterblocks [nicolae_letter_subblock,
          nicolae_letter_subblock, nicolae_letter_subblock,
          nicolae_letter_subblock, nicolae_letter_subblock,
          nicolae_letter_subblock, nicolae_letter_subblock,
          nicolae_letter_subblock, nicolae_letter_subblock,
          nicolae_letter_subblock, nicolae_letter_subblock,
          nicolae_letter_subblock, nicolae_letter_subblock,
          nicolae_letter_subblock, nicolae_letter_subblock,
          nicolae_letter_subblock, nicolae_letter_subblock,
          nicolae_letter_subblock, nicolae_letter_subblock,
          nicolae_letter_subblock, nicolae_letter_subblock,
          nicolae_letter_subblock, nicolae_letter_subblock,
          nicolae_letter_subblock, nicolae_letter_subblock]
D:10:     layout_rooms, mainiacjoe_overflow_concentric_impassable,
          bh_hangedman_babel_library, uniq_maggie
D:11:     layout_rooms, uniq_maurice
D:12:     layout_basic
D:13:     layout_small_grid, erik_vaults_2, mikee_hates_you
D:14:     minmay_the_grid_octo_triangle [minmay_the_grid_octo_teeth,
          minmay_the_grid_octo_prize_square_snowflake,
          minmay_the_grid_octo_thin_diamonds], layout_basic,
          grunt_decor_junction
D:15:     gammafunk_enter_depths_forms, layout_cross, tso_metal_star
Temple:   nicolae_temple_ecumenical_triangle
Lair:1:   layout_big_grid, minmay_lair_oklob_items,
          nicolae_lair_grove_arrangements, serial_bayou_crossing
Lair:2:   nzn_winding_woodlands_small [nzn_winding_woodlands_5x15_pockets,
          nzn_winding_woodlands_center_pierced_h,
          nzn_winding_woodlands_5x15_sidewinder], layout_small_grid,
          grunt_forest_small_clearings, uniq_erica, uniq_fannar
Lair:3:   layout_regular_city, minmay_shoals_entry_hut,
          spider_nest_entry_rubble, bobbens_dragon_lair_wall, uniq_snorg
Lair:4:   layout_cave_pods, slime_entry_1, gammafunk_ghost_hive,
          pdpol_lair_cavern_descent
Lair:5:   evilmike_catoblepas_cave, layout_cave_pods, ldierk_geyser,
          chequers_serial_rivers_marsh
Shoals:1: nicolae_shoals_offshore_bank_account, layout_shoals,
          nicolae_shoals_so_close
Shoals:2: layout_shoals
Shoals:3: layout_shoals
Shoals:4: shoals_end_grunt_garden, layout_shoals, serial_shops,
          nicolae_shop_temple_entry_statues_fountains, shop_fountains,
          nicolae_shop_mannequins, shop, nicolae_shop_rolling_square,
          nicolae_shoals_bring_sunscreen
Spider:1: layout_spider_delve, uniq_nikola
Spider:2: layout_cave_pods, nicolae_spider_solar_radiation,
          hangedman_spider_tarantella_strand, uniq_azrael
Spider:3: layout_spider_delve
Spider:4: spider_rune_water, nicolae_arachne_temple
Orc:1:    layout_caves
Orc:2:    st_orc_ogre_mass, layout_diamond_mine, uniq_donald
Elf:1:    minmay_elf_arrival_circle, layout_onion_city, serial_shops, shop,
          basic_altar, hellmonk_ghost_happy_afterlife,
          nicolae_elf_blasts_and_bolts, nicolae_danse_macabre, uniq_agnes
Elf:2:    nicolae_elf_blades_splatter_lattice [nicolae_blade_entry_antechamber],
          layout_geoelf_grid
Vaults:1: st_cells, nicolae_vaults_closet_pinwheel_6, nicolae_vaults_swerve,
          vaults_mumra_hexcomb, vaults_dpeg_ring, nicolae_vaults_house_2,
          nicolae_vaults_double_plus_1, v_misc_23, layout_vaults_omnigrid

Skill      XL: |  1  2  3  4  5  6  7  8  9 10 11 12 13 14 15 16 17 18 19 20 |
---------------+-------------------------------------------------------------+-----
Spellcasting   | 3 5 6 7 9 10 11 12 13 15 16 17 18 19 | 19.0
Conjurations   | 5 6 7 8 10 11 13 15 16 | 16.1
Translocations | 2 5 6 |  6.0
Alchemy        | 6 9 11 12 13 14 15 | 15.0
Necromancy     | 5 |  5.0
Fighting       | 3 9 11 12 | 12.0
Hexes          | 2 5 7 10 | 10.9
Air Magic      | 3 6 9 10 | 10.2
Stealth        | 6 18 20 | 20.0
Dodging        | |  1.5

Action                     |  1- 3 |  4- 6 |  7- 9 | 10-12 | 13-15 | 16-18 | 19-21 || total
---------------------------+-------+-------+-------+-------+-------+-------+-------++-------
  Melee: Dagger            |     5 |       |       |     2 |       |       |       ||     7
         Staff             |       |       |       |     1 |       |       |     5 ||     6
         Constrict         |       |       |       |       |       |       |     1 ||     1
   Cast: Magic Dart        |    42 |       |       |       |       |       |       ||    42
         Searing Ray       |     8 |    26 |    54 |    24 |    47 |    88 |    47 ||   294
         Iskenderun's Myst |       |       |    13 |    55 |   161 |   123 |    81 ||   433
         Fulminant Prism   |       |       |    14 |   127 |   342 |   222 |    88 ||   793
         Orb of Destructio |       |       |       |       |     3 |   114 |    14 ||   131
         Iskenderun's Batt |       |       |       |       |    36 |   107 |    43 ||   186
         Arcjolt           |       |       |       |       |       |    50 |    80 ||   130
         Yara's Violent Un |       |       |       |       |       |     1 |       ||     1
         Sublimation of Bl |       |       |       |       |       |     1 |     1 ||     2
Ability: Spit Poison       |    17 |    33 |    29 |     5 |       |       |       ||    84
  Evoke: Wand              |       |       |     1 |       |       |       |       ||     1
         Phantom mirror    |       |       |       |       |       |     1 |     1 ||     2
         Box of beasts     |       |       |       |       |       |       |     1 ||     1
         Phial of floods   |       |       |       |       |       |       |     1 ||     1
    Use: Scroll            |     5 |       |     7 |     5 |    11 |     6 |     8 ||    42
         Potion            |     1 |       |     2 |     1 |     1 |     3 |     5 ||    13
 Armour: Robe              |    17 |    28 |    22 |       |       |       |       ||    67
         Leather armour    |       |       |    27 |    48 |   135 |   275 |   222 ||   707
  Dodge: Dodged            |     9 |    15 |    26 |    17 |    65 |   108 |   121 ||   361
